 Dungeon Crawl Stone Soup version 0.18-a0-119-g02a7081 (webtiles) character file.

2392 ReteAZ the Basher (level 9, -1/89 HPs)
             Began as an Ogre Fighter on Nov 19, 2015.
             Was a Believer of Okawaru.
             Slain by a centaur zombie (4 damage)
             ... on level 7 of the Dungeon.
             The game lasted 00:13:44 (8351 turns).

ReteAZ the Basher (Ogre Fighter)                    Turns: 8351, Time: 00:13:45

Health: -1/89      AC:  3    Str: 23      XL:     9   Next: 46%
Magic:  9/9        EV: 12    Int:  8 (12) God:    Okawaru [**....]
Gold:   360        SH:  0    Dex: 12      Spells: 0 memorised, 8 levels left

rFire  . . .     SeeInvis .     x - +3 giant spiked club
rCold  . . .     Clarity  .     d - troll hide {Purgy}
rNeg   . . .     SustAt   .     (shield currently unavailable)
rPois  .         Gourm    .     (helmet restricted)
rElec  .         Spirit   .     (no cloak)
rCorr  .         Warding  .     (gloves unavailable)
rMut   .         Stasis   .     (boots unavailable)
MR     .....                    (no amulet)
Stlth  +.........               (no ring)
                                (no ring)

@: brilliant, lethally poisoned (-1 -> -23), not resistant to hostile
enchantments, very unstealthy
A: unfitting armour, tough skin 1
a: Heroism, Renounce Religion


You were on level 7 of the Dungeon.
You worshipped Okawaru.
Okawaru was pleased with you.
You were not hungry.

You visited 2 branches of the dungeon, and saw 8 of its levels.
You also visited: Sewer and Ossuary.

You collected 360 gold pieces.

Inventory:

Hand Weapons
 x - a +3 giant spiked club (weapon)
Missiles
 y - 4 tomahawks (quivered)
 D - 6 tomahawks of dispersal
Armour
 b - a +0 robe
 d - a troll hide (worn) {Purgy}
Jewellery
 j - an uncursed amulet of stasis
Wands
 C - a wand of disintegration (10)
Scrolls
 k - 5 scrolls of recharging
 l - 4 scrolls of remove curse
 n - 2 scrolls of identify
 s - a scroll of teleportation
 A - a scroll of amnesia
Potions
 a - a potion of cancellation {unknown}
 c - a potion of lignification {unknown}
 f - a potion of poison {unknown}
 h - 4 potions of flight
 i - 2 potions of degeneration
 o - 4 potions of brilliance
 p - 2 potions of heal wounds {unknown}
 t - a potion of might
 v - a potion of mutation {unknown}
 w - 2 potions of curing {unknown}
 z - 2 potions of haste
 B - 2 potions of berserk rage {unknown}
 E - a potion of invisibility {unknown}
 F - a potion of ambrosia {unknown}
Comestibles
 e - 4 bread rations {@e1}
 g - 2 fruits
 m - 2 royal jellies
 q - 6 chunks of flesh {@w0}
 r - 2 meat rations {@e2}
 u - 2 beef jerkies


   Skills:
 - Level 6.0 Fighting
 * Level 12.4 Maces & Flails
 + Level 7.0 Dodging
   Level 2.6 Shields


You had 8 spell levels left.
You didn't know any spells.

Dungeon Overview and Level Annotations

Branches:
Dungeon (7/15)             Temple (1/1) D:5

Altars:
Ashenzari
Cheibriados
Dithmenos
Fedhas
Gozag
Kikubaaqudgha
Makhleb
Nemelex Xobeh
Okawaru
Qazlal
Ru
Sif Muna
Trog
Xom
Yredelemnul
Zin
The Shining One


Innate Abilities, Weirdness & Mutations

You are too large for most types of armour.
You have tough skin (AC +1).


Message History

It was a potion of brilliance.
You feel clever all of a sudden.
* * * LOW HITPOINT WARNING * * *
You feel very sick. The killer bee closely misses you.
The killer bee barely misses you. The killer bee misses you.
Drink which item? (? for menu, Esc to quit)
It was a potion of degeneration.
There was something very wrong with that liquid.
You feel dopey.
Your surroundings suddenly seem different.
* * * LOW HITPOINT WARNING * * *
You feel very sick.
A crimson imp comes into view.
The crimson imp shouts!
A centaur comes into view.
The centaur shouts!
The centaur wields a shortbow.
The centaur shoots an arrow.
The arrow barely misses you. The centaur zombie hits you.
You die...

##########
#........#
#........#
#........#
#$...(..$#
####......c.#
.......@....#
####...Z....#
#(5......#
#.........#
..
#########<#
.) #


You could see a centaur, a crimson imp and a centaur zombie.

Vanquished Creatures
  Grinder (D:6)
  Purgy (Sewer)
  2 centaurs
  2 ogres (D:5)
  3 giant frogs
  A water moccasin zombie (Ossuary)
  3 scorpions (D:5)
  3 killer bees (D:7)
  2 crimson imps (D:6)
  A giant frog zombie (D:7)
  5 orc priests
  A gnoll shaman (D:7)
  5 hounds
  6 worker ants
  4 iguanas
  Natasha (D:2)
  2 orc wizards
  6 big kobold zombies (Ossuary)
  2 mummies (Ossuary)
  6 gnolls (D:7)
  12 adders
  2 oozes
  An adder skeleton (D:4)
  6 adder zombies
  4 worms
  9 giant geckos
  10 orcs
  9 bats
  8 giant cockroaches
  4 gnoll zombies (Ossuary)
  11 hobgoblins
  13 jackals
  9 kobolds
  4 ball pythons
  8 giant newts
  11 goblins
  6 hobgoblin zombies (Ossuary)
  A jackal zombie (D:7)
  4 kobold zombies (Ossuary)
  7 orc zombies (Ossuary)
  2 quokkas
  2 quokka zombies
  9 rats
209 creatures vanquished.

Notes
Turn   | Place    | Note
--------------------------------------------------------------
     0 | D:1      | ReteAZ the Ogre Fighter began the quest for the Orb.
     0 | D:1      | Reached XP level 1. HP: 24/24 MP: 1/1
   245 | D:1      | Reached XP level 2. HP: 26/32 MP: 2/2
   535 | D:1      | Reached XP level 3. HP: 28/39 MP: 3/3
  1178 | D:2      | Found a blossoming altar of Fedhas.
  1273 | D:2      | Found a glowing golden altar of the Shining One.
  1477 | D:2      | Reached XP level 4. HP: 37/49 MP: 4/4
  1772 | D:2      | Found a shattered altar of Ashenzari.
  1772 | D:2      | Found an iron altar of Okawaru.
  2067 | D:2      | Noticed a centaur
  2077 | D:2      | Killed a centaur
  2077 | D:2      | Reached skill level 5 in Fighting
  2077 | D:2      | Reached skill level 5 in Maces & Flails
  2077 | D:2      | Reached XP level 5. HP: 20/57 MP: 5/5
  2365 | D:2      | Noticed Natasha
  2379 | D:2      | Killed Natasha
  2793 | D:2      | Reached XP level 6. HP: 50/66 MP: 6/6
  3190 | D:3      | Reached skill level 6 in Maces & Flails
  3250 | D:3      | Found a glowing drain.
  3254 | Sewer    | Entered a sewer
  3544 | Sewer    | Noticed Purgy
  3551 | Sewer    | Killed Purgy
  4046 | D:3      | Reached XP level 7. HP: 53/75 MP: 7/7
  4151 | D:4      | Reached skill level 7 in Maces & Flails
  5307 | D:5      | Entered Level 5 of the Dungeon
  5356 | D:5      | Reached skill level 8 in Maces & Flails
  5375 | D:5      | Reached skill level 5 in Dodging
  5479 | D:5      | Found a sand-covered staircase.
  5490 | D:5      | Reached XP level 8. HP: 47/83 MP: 8/8
  5517 | Ossuary  | Entered an ossuary
  5585 | Ossuary  | Reached skill level 9 in Maces & Flails
  5854 | D:5      | Found a staircase to the Ecumenical Temple.
  5869 | Temple   | Entered the Ecumenical Temple
  6266 | D:2      | Became a worshipper of Warmaster Okawaru
  6346 | D:5      | Reached skill level 10 in Maces & Flails
  6624 | D:5      | Found a bloodstained altar of Trog.
  6842 | D:5      | Found a burning altar of Makhleb.
  7361 | D:6      | Reached skill level 11 in Maces & Flails
  7364 | D:6      | Reached * piety under Okawaru
  7364 | D:6      | Reached XP level 9. HP: 80/89 MP: 9/9
  7651 | D:6      | Noticed Grinder
  7659 | D:6      | Killed Grinder
  8093 | D:7      | Reached skill level 12 in Maces & Flails
  8337 | D:7      | Reached ** piety under Okawaru
  8351 | D:7      | HP: 3/89 [poisoned by a killer bee]
  8351 | D:7      | Slain by a centaur zombie

Vault maps used:
D:1:      tarquinn_simple_flora_water_c
D:2:      lemuel_doored_altar, amethyst_overflow_temple_binary, fedhas_altar_3,
          uniq_natasha
D:3:      gup_sewer_entry_spiral
D:4:      first_bread
D:5:      old_standard_altar, makhleb_blood_cavern_becter,
          minmay_temple_entry_large_hall, nicolae_ossuary_entry_ruins,
          columned_hall_lemuel, kennysheep_generic_room_13
D:6:      minmay_liquid_box, uniq_grinder
D:7:      serial_shops, shop_statue, uniq_duvessa
Temple:   eino_temple_water_12
Sewer:    sewer_co_purgy_island
Ossuary:  ossuary_tomb_2

Action                   |  1- 3 |  4- 6 |  7- 9 || total
-------------------------+-------+-------+-------++-------
Melee: Flail             |   154 |   117 |       ||   271
       Morningstar       |       |   101 |    95 ||   196
       Giant spiked club |       |       |   188 ||   188
Throw: Tomahawk          |       |       |    11 ||    11
  Use: Scroll            |       |     7 |     7 ||    14
       Potion            |       |     1 |     2 ||     3
 Stab: Distracted        |     1 |       |       ||     1
       Sleeping          |       |     1 |       ||     1
  Eat: Chunk             |     2 |     8 |    12 ||    22
       Fruit             |       |       |     5 ||     5
